 Dungeon Sprint DCSS version 0.17-a0-1763-g847a857 (webtiles) character file.

4 kosy22 the Shield-Bearer (level 1, -4/22 HPs)
             Began as a Troll Fighter on Sept 5, 2015.
             Slain by a fire elemental (12 damage)
             ... in the Dungeon (Sprint V: "Ziggurat Sprint").
             The game lasted 00:01:27 (124 turns).

kosy22 the Shield-Bearer (Troll Fighter)             Turns: 124, Time: 00:01:27

Health: -4/22      AC:  5    Str: 35    XL:     1   Next: 50%
Magic:  0/0        EV:  6    Int:  4    God:
Gold:   0          SH: 19    Dex:  9    Spells: 0 memorised, 0 levels left

rFire  . . .     SeeInvis .       - Unarmed
rCold  . . .     Clarity  .     a - +0 robe
rNeg   . . .     SustAt   .     J - +3 large shield
rPois  .         Gourm    +     (helmet restricted)
rElec  .         Spirit   .     (no cloak)
rCorr  .         Warding  .     (gloves unavailable)
rMut   .         NoTele   +     (boots unavailable)
MR     .....                    (no amulet)
Stlth  +.........               D - +6 ring of strength
                                C - +6 ring of strength

@: not resistant to hostile enchantments, very unstealthy
A: unfitting armour, claws 3, fast metabolism 3, gourmand, regeneration 2,
shaggy fur 1, tough skin 2
a: no special abilities


You were in the Dungeon.
You were not hungry.

You visited 1 branch

Inventory:

Hand weapons
 I - the cursed +13 Scythe of Curses {drain, *Curse}
   (You found it in the Dungeon)

   A truly terrible weapon, it drains the life of those it strikes.
   It may re-curse itself when equipped.
   It has a curse placed upon it.
Armour
 a - a +0 robe (worn)
 b - a +0 shield
 J - a +3 large shield (worn)
Jewellery
 y - a +6 ring of dexterity
 z - a +6 ring of dexterity
 A - a +6 ring of intelligence
 B - a +6 ring of intelligence
 C - a +6 ring of strength (left claw)
 D - a +6 ring of strength (right claw)
 K - an uncursed ring of wizardry
Magical devices
 E - a wand of disintegration (7)
 F - a wand of fire (5)
 G - a wand of cold (5)
 H - a wand of draining (5)
Scrolls
 j - 4 scrolls of blinking
 p - 4 scrolls of amnesia
 q - 3 scrolls of recharging
 r - 7 scrolls of fog
 s - a scroll of holy word
 t - 5 scrolls of identify
 u - 5 scrolls of remove curse
 v - 2 scrolls of fear
Potions
 c - 6 potions of might
 e - 10 potions of curing
 f - 10 potions of heal wounds
 g - 6 potions of haste
 h - 7 potions of magic
 i - 3 potions of berserk rage
 k - 2 potions of brilliance
 l - 2 potions of invisibility
 m - 4 potions of resistance
 n - a potion of experience
 o - 5 potions of agility
Comestibles
 d - 6 bread rations
 w - 42 fruits
 x - 4 meat rations


   Skills:
 + Level 2.7 Fighting
 + Level 2.8 Dodging
 + Level 2.9 Shields
 + Level 2.0 Unarmed Combat


You couldn't memorise any spells.
You didn't know any spells.

Dungeon Overview and Level Annotations

Branches:
Dungeon (1/1)

Altars:
Ashenzari
Cheibriados
Dithmenos
Elyvilon
Fedhas
Gozag
Kikubaaqudgha
Makhleb
Nemelex Xobeh
Okawaru
Qazlal
Ru
Sif Muna
Trog
Vehumet
Xom
Yredelemnul
Zin
The Shining One
Beogh
Jiyva
Lugonu


Innate Abilities, Weirdness & Mutations

You are too large for most types of armour.
You have claws for hands.
Your metabolism is lightning-fast.
You like to eat raw meat.
You heal very quickly.
You are covered in fur (AC +1).
You have very tough skin (AC +2).


Message History

You see here a whip.
You claw the orc!
You kill the orc!
K - an uncursed ring of wizardry You start resting.
HP restored.
You see here a whip.
You see here a +1 mace of crushing.
Your surroundings seem different!
Welcome to arena 2. 2 fire elementals come into view.
Found a book of Fire, a cursed staff of poison and an uncursed ring of fire.
You block the fire elemental's attack. The fire elemental hits you.
The fire elemental burns you!
Ouch! That really hurt!
You block the fire elemental's attack.
You scratch the fire elemental but do no damage.
You block the fire elemental's attack. The fire elemental hits you.
The fire elemental burns you!
Ouch! That really hurt!
You die...

▓▓▓▓▓▓▓▓▓▓▓▓▓
▓.8©8.▓.8©8.▓
▓.=:§.▓.....▓
▓..§§.▓.)...▓
▓.EE..▓.))..▓
▓..@..▓.....▓
▓...v.▓.....▓
▓.....▓▓▓▓▓▓▓
▓▓▓▓▓▓▓


You could see 2 fire elementals.

Vanquished Creatures
  2 orcs (D)
2 creatures vanquished.

Notes
Turn   | Place    | Note
--------------------------------------------------------------
     0 | D        | kosy22 the Troll Fighter began the quest for the Orb.
     0 | D        | Reached XP level 1. HP: 22/22 MP: 0/0
     0 | D        | Found a roughly hewn altar of Beogh.
     0 | D        | Found a viscous altar of Jiyva.
     0 | D        | Found a corrupted altar of Lugonu.
     0 | D        | Found a white marble altar of Elyvilon.
     0 | D        | Found a sparkling altar of Nemelex Xobeh.
     1 | D        | Found a burning altar of Makhleb.
     1 | D        | Found an iron altar of Okawaru.
     1 | D        | Found a deep blue altar of Sif Muna.
     1 | D        | Found a radiant altar of Vehumet.
     1 | D        | Found a bloodstained altar of Trog.
     1 | D        | Found a shimmering altar of Xom.
   103 | D        | Entered arena 1.
   121 | D        | Entered arena 2.
   121 | D        | Noticed a fire elemental
   121 | D        | Noticed a fire elemental
   124 | D        | Slain by a fire elemental

Vault maps used:
D:        sprint_v

Action                   || total
-------------------------++-------
Melee: Unarmed           ||     4
